 Dungeon Crawl Stone Soup version 0.22-a0-596-gfbd32a6 (webtiles) character file.

105 iamserjio the Chopper (level 4, -2/55 HPs)
             Began as a Demonspawn Berserker on July 5, 2018.
             Was a Believer of Trog.
             Slain by Natasha (4 damage)
             ... on level 2 of the Dungeon.
             The game lasted 00:03:08 (321 turns).

iamserjio the Chopper (Demonspawn Berserker)         Turns: 321, Time: 00:03:09

Health: -2/55      AC:  9    Str: 23    XL:     4   Next: 53%
Magic:  4/4        EV: 10    Int:  8    God:    Trog [**....]
Gold:   74         SH:  0    Dex: 13    Spells: 3/3 levels left

rFire    . . .     SeeInvis .   a - +0 hand axe
rCold    . . .     Gourm    .   (no shield)
rNeg     . . .     Faith    .   g - +0 scale mail
rPois    .         Spirit   .   n - +0 helmet
rElec    .         Reflect  .   (no cloak)
rCorr    +         Harm     .   (no gloves)
MR       .....                  (no boots)
Stlth    ..........             (no amulet)
HPRegen  0.18/turn              l - ring of resist corrosion
MPRegen  0.09/turn              (no ring)

@: berserking, very quick
A: molten scales 1
a: Berserk, Trog's Hand, Renounce Religion


You were on level 2 of the Dungeon.
You worshipped Trog.
Trog was pleased with you.
You were very hungry.

You visited 1 branch of the dungeon, and saw 2 of its levels.

You collected 74 gold pieces.

Inventory:

Hand Weapons
 a - a +0 hand axe (weapon)
Armour
 b - a +0 animal skin
 g - a +0 scale mail (worn)
 n - a +0 helmet (worn)
Jewellery
 l - a ring of resist corrosion (left hand)
Scrolls
 d - a scroll of teleportation {unknown}
 e - a scroll of remove curse {unknown}
 h - a scroll of enchant armour {unknown}
 k - a scroll of enchant weapon {unknown}
Potions
 f - a potion of curing {unknown}
 i - a potion of cancellation {unknown}
 m - a potion of flight {unknown}
Comestibles
 c - a ration
 j - a chunk of flesh


   Skills:
 + Level 3.7 Fighting
 * Level 3.9 Axes
 + Level 2.6 Armour
 - Level 1.7 Dodging


You had 3 spell levels left.
You didn't know any spells.
Your spell library was empty.

Dungeon Overview and Level Annotations

Branches:
Dungeon (2/15)

Altars:
Nemelex Xobeh

Annotations:
D:2 Natasha


Innate Abilities, Weirdness & Mutations

You are partially covered in molten scales. (AC +2)


Message History

The slug dart hits you! The adder bites you but does no damage.
You slash the shadow imp!
You kill the shadow imp!
You slash the adder!
You kill the adder!
Trog accepts your kill.
You hit Natasha.
Natasha is moderately wounded.
You barely miss Natasha.
Natasha is moderately wounded.
You hit the dart slug.
Natasha stares at you and mumbles some strange words.
You resist with some effort. The dart slug barely misses you.
You miss Natasha.
Natasha is moderately wounded.
You slash the dart slug!
You kill the dart slug!
Trog accepts your kill. Natasha claws you.
You die...

.#$ ##.#. #... #..# #..#
.# ...# #.# ########†#
#.#
.....5h@.#########.#####
########>##...<.........
#...........####.
..w...................
######.#..............
#.#...###........
#.....# #........
###.#.# #........ #.#.#
#........


You could see Natasha and a white imp.

Vanquished Creatures
  Terence (D:2)
  Robin (D:2)
  A gnoll (D:1)
  3 adders (D:2)
  2 dart slugs
  A giant cockroach (D:1)
  4 hobgoblins
  A bat (D:1)
  A frilled lizard (D:2)
  12 goblins
  4 rats
31 creatures vanquished.

Notes
Turn   | Place    | Note
-------+----------+-------------------------------------------
     0 | D:1      | iamserjio the Demonspawn Berserker began the quest for the Orb.
     0 | D:1      | Reached XP level 1. HP: 18/18 MP: 1/1
    84 | D:1      | Gained mutation: You are partially covered in molten scales. (AC +2) [demonic ancestry]
    84 | D:1      | Reached XP level 2. HP: 12/24 MP: 2/2
   103 | D:1      | Found a sparkling altar of Nemelex Xobeh.
   200 | D:2      | Noticed Terence
   209 | D:2      | Reached XP level 3. HP: 19/29 MP: 3/3
   212 | D:2      | Killed Terence
   229 | D:2      | Noticed Robin
   244 | D:2      | Killed Robin
   244 | D:2      | Reached XP level 4. HP: 16/35 MP: 4/4
   262 | D:2      | Reached ** piety under Trog
   309 | D:2      | Noticed Natasha
   315 | D:2      | HP: 2/54 [adder (1)]
   321 | D:2      | Slain by Natasha

Vault maps used:
D:1:      eino_arrival_cavern_c, minmay_misc_feat_room,
          nemelex_xobeh_ov_fountains_minmay
D:2:      minmay_octomino_c4, uniq_robin, uniq_natasha, uniq_terence

Skill      XL: |  1 |
---------------+----+-----
Axes           | 3 |  3.9
Armour         | 2 |  2.6
Fighting       | |  3.7
Dodging        | |  1.7

Action                   |  1- 3 |  4- 6 || total
-------------------------+-------+-------++-------
Melee: Hand axe          |    49 |    34 ||    83
Invok: Berserk           |     3 |     1 ||     4
 Stab: Sleeping          |     1 |       ||     1
  Eat: Chunk             |       |     1 ||     1
Armor: Animal skin       |     3 |       ||     3
       Scale mail        |    16 |    14 ||    30
Dodge: Dodged            |    31 |    17 ||    48

Table legend:
 A = Spawn XP
 B = Non-spawn XP
 C = Spawn XP percentage of total XP
 D = Spawn monster count
 E = Non-spawn monster count
 F = Spawn count percentage of total count
 G = Total turns spent on level
                    A         B        C        D         E        F      G
               +---------+---------+-------+---------+---------+-------+---------
         Total |       0 |     150 |   0.0 |       0 |      31 |   0.0 |   321
               +---------+---------+-------+---------+---------+-------+---------
           D:1 |       0 |      35 |   0.0 |       0 |      13 |   0.0 |   186
           D:2 |       0 |     115 |   0.0 |       0 |      18 |   0.0 |   135
               +---------+---------+-------+---------+---------+-------+---------
